 Dungeon Crawl Stone Soup version 0.31-a0-618-g7ca08c1ff9 (webtiles) character file.

Game seed: 4585278704355638611

305 javelincjr the Conjurer (level 6, -2/41 HPs)
             Began as a Demonspawn Conjurer on Aug 22, 2023.
             Slain by an orc priest
             ... wielding a +0 whip
              (3 damage)
             ... on level 4 of the Dungeon.
             The game lasted 00:14:41 (2912 turns).

javelincjr the Conjurer (Demonspawn Conjurer)       Turns: 2912, Time: 00:14:41

Health: -2/41      AC:  4    Str:  7    XL:     6   Next: 16%
Magic:  7/11       EV: 14    Int: 27    God:
Gold:   183        SH:  0    Dex: 12    Spells: 8/11 levels left

rFire   . . .        t - +2 mace (drain)
rCold   . . .        (no shield)
rNeg    . . .        a - +0 robe
rPois   .            (no helmet)
rElec   .            v - +1 cloak
rCorr   .            (no gloves)
SInv    .            (no boots)
Will    .....        (no amulet)
Stlth   ++           n - +6 ring of intelligence
HPRegen 0.26/turn    (no ring)
MPRegen 0.12/turn

%: no passive effects
@: no status effects
A: repulsion field 1, foul stench 1, spiny 1
a: no special abilities


You were on level 4 of the Dungeon.
You visited 1 branch of the dungeon, and saw 4 of its levels.

You collected 183 gold pieces.

Inventory:

Hand Weapons
 t - a +2 mace of draining (weapon)
Missiles
 c - 9 poisoned darts
Armour
 a - a +0 robe (worn)
 s - a +0 tower shield
 v - a +1 cloak (worn)
Magical Staves
 g - a staff of air
Jewellery
 n - a +6 ring of intelligence (left hand)
 r - an amulet of guardian spirit
Scrolls
 d - 8 scrolls of identify {unknown}
 e - 2 scrolls of silence {unknown}
 f - a scroll of noise {unknown}
 h - 2 scrolls of teleportation {unknown}
 i - a scroll of fog {unknown}
 j - a scroll of immolation {unknown}
 k - a scroll of blinking {unknown}
 o - a scroll of revelation {unknown}
 p - a scroll of butterflies {unknown}
 q - a scroll of fear {unknown}
 u - a scroll of enchant weapon {unknown}
Potions
 b - a potion of magic
 l - 2 potions of curing {unknown}
 m - a potion of berserk rage {unknown}
 w - a potion of attraction {unknown}


   Skills:
 + Level 3.3 Dodging
 + Level 3.4 Stealth
 + Level 3.4 Spellcasting
 + Level 5.0 Conjurations


You had 8 spell levels left.
You knew the following spells:

 Your Spells              Type           Power      Damage    Failure   Level
a - Magic Dart            Conj           100%       1d8       1%          1
b - Searing Ray           Conj           62%        2d6       1%          2

Your spell library contained the following spells:

 Spells                   Type           Power      Damage    Failure   Level
 Freeze                   Ice            16%        1d4       9%          1
 Dazzling Flash           Conj/Hex       36%        N/A       9%          3
 Fulminant Prism          Conj/Hex       9%         3d7       30%         4
 Iskenderun's Mystic Bla  Conj/Tloc      18%        2d6       30%         4


Dungeon Overview and Level Annotations

Branches:
Dungeon (4/15)
 Temple: D:4-7

Altars:
Nemelex Xobeh
Ru
Wu Jian


Innate Abilities, Weirdness & Mutations

You are surrounded by a mild repulsion field. (EV +2)
You may rarely emit foul miasma when damaged in melee.
You are partially covered in sharp spines.


Message History

There is an entrance to an ossuary on this level.
Hurry and find it before the portal is buried!
The orc shouts! x2; The orc priest shouts! x2
The endoplasm quivers.
The orc priest shouts!
Found a stone staircase leading down.
There is a stone staircase leading up here.
You hit the orc priest.
The orc priest is moderately wounded.
The orc priest completely misses you.
Casting: Magic Dart (safe; 1% risk of failure)
Confirm with . or Enter, or press ? or * to list all spells.
Aiming: Searing Ray (safe; 1% risk of failure)
Press: ? - help, Shift-Dir - straight line, f - orc priest
Aim: an orc priest, wielding a +0 dagger (79% to hit)
The searing ray hits the endoplasm.
You kill the endoplasm!
The searing ray hits the orc priest!
The orc priest is severely wounded. (Press . to maintain the ray.)
The orc priest calls upon Beogh to heal the orc priest.
The orc priest's wounds heal themselves!
The orc priest mumbles some strange prayers to Beogh against you.
Beogh smites you!
The searing ray hits the orc priest.
The orc priest is severely wounded.
The orc priest mumbles some strange prayers to Beogh against you.
Beogh smites you! The orc hits you but does no damage.
The orc priest closely misses you. The orc priest hits you with a +0 whip.
The searing ray hits the orc priest!
You kill the orc priest!
The orc is struck by your spines. The orc hits you with a +0 hand axe.
* * * LOW HITPOINT WARNING * * *
The orc priest is struck by your spines.
The orc priest completely misses you. The orc priest hits you with a +0 whip.
* * * LOW HITPOINT WARNING * * *
The orc is struck by your spines. The orc hits you with a +0 hand axe.
* * * LOW HITPOINT WARNING * * *
The orc priest is struck by your spines.
The orc priest misses you. The orc priest hits you with a +0 whip.
You die...

.. #. #.
####+#>
.......
##.....##
#.......##
....o).@.#
......ooo+
.........#
#.......##
##.....##
#.....#
#.##+# #+


You could see 2 orc priests and 2 orcs.

Vanquished Creatures
  2 orc priests
  5 orc wizards (D:3)
  5 adders (D:3)
  2 dart slugs
  11 orcs (D:3)
  6 ball pythons
  5 bats
  9 endoplasms
  2 giant cockroaches (D:1)
  2 goblins
  A hobgoblin (D:1)
  5 jackals
  4 quokkas
  A frilled lizard (D:3)
  3 kobolds
  5 rats
68 creatures vanquished.

Notes
Turn   | Place    | Note
-------+----------+-------------------------------------------
     0 | D:1      | javelincjr the Demonspawn Conjurer began the quest for the
                  | Orb.
     0 | D:1      | Reached XP level 1. HP: 13/13 MP: 3/3
   149 | D:1      | Found a faded altar of an unknown god.
   181 | D:1      | Got Plato's Elucidation of Chilblains
   253 | D:1      | Gained mutation: You may rarely emit foul miasma when
                  | damaged in melee. [demonic ancestry]
   253 | D:1      | Reached XP level 2. HP: 7/19 MP: 0/5
   256 | D:1      | Learned a level 2 spell: Searing Ray
   927 | D:1      | Gained mutation: You are surrounded by a mild repulsion
                  | field. (EV +2) [demonic ancestry]
   927 | D:1      | Reached XP level 3. HP: 24/24 MP: 3/6
  1590 | D:2      | Found an ornate altar of the Wu Jian Council.
  1884 | D:3      | Gained mutation: You are partially covered in sharp spines.
                  | [demonic ancestry]
  1884 | D:3      | Reached XP level 4. HP: 16/30 MP: 1/7
  1996 | D:3      | Found a sacrificial altar of Ru.
  2218 | D:3      | Reached XP level 5. HP: 27/35 MP: 5/9
  2624 | D:3      | Found a sparkling altar of Nemelex Xobeh.
  2690 | D:3      | Reached XP level 6. HP: 40/41 MP: 9/11
  2698 | D:3      | Reached skill level 5 in Conjurations
  2912 | D:4      | HP: 1/41 [orc/+0 hand axe (4)]
  2912 | D:4      | Slain by an orc priest

Illustrated notes

Levels and vault maps discovered:
D:1:      sevenhm_arrival_forest_fort_small_4, layout_basic,
          shapermc_ecumenical_altar_rom_forum, st_stairs_13, moated_statue
D:2:      layout_loops_ring, basic_altar
D:3:      layout_loops_cross, nemelex_diamond_rough_becter,
          nicolae_ru_great_annihilating_truth, minmay_misc_feat_tower
D:4:      layout_loops_corners, pdpol_temple_overflow_zin_treasury_gozag_greed,
          enter_ossuary_1

Skill      XL: |  1  2  3  4  5  6 |
---------------+-------------------+-----
Dodging        | 2 3 |  3.3
Stealth        | 2 3 |  3.4
Spellcasting   | 3 |  3.4
Conjurations   | 5 |  5.0

Action                     |  1- 3 |  4- 6 || total
---------------------------+-------+-------++-------
  Melee: Unarmed           |    12 |       ||    12
         Staff             |    20 |    13 ||    33
         Mace              |       |    24 ||    24
         Punch             |       |     1 ||     1
   Cast: Magic Dart        |    59 |    30 ||    89
         Searing Ray       |     1 |     2 ||     3
   Stab: Sleeping          |       |     1 ||     1
 Armour: Robe              |     6 |     5 ||    11
  Dodge: Dodged            |    18 |    20 ||    38

Table legend: (Time is in decaauts)
 A = Elapsed time spent in this place.
 B = Non-inter-level travel time spent in this place.
 C = Inter-level travel time spent in this place.
 D = Time resting spent in this place.
 E = Time spent auto-exploring this place.
 F = Levels seen in this place.
 G = Mean time per level.
                   A        B        C        D        E       F      G
               +--------+--------+--------+--------+--------+-----+--------+
         Total |   2938 |   2867 |     71 |     21 |   2413 |   4 |  734.5 |
       Dungeon |   2938 |   2867 |     71 |     21 |   2413 |   4 |  734.5 |
               +--------+--------+--------+--------+--------+-----+--------+

Top non-repeatable levels by time:
     D:1: 1115 daAuts
     D:3: 1075 daAuts
     D:2: 743 daAuts
     D:4: 5 daAuts
